 Dungeon Crawl Stone Soup version 0.31-a0-889-g1a8549509d (webtiles) character file.

Game seed: 14485364565200442285

63 Kuronicle the Changeling (level 3, -1/28 HPs)
             Began as a Demigod Shapeshifter on Oct 16, 2023.
             Slain by a goblin
             ... wielding a +0 dagger
             ... led by Robin
              (6 damage)
             ... on level 2 of the Dungeon.
             The game lasted 00:03:25 (1028 turns).

Kuronicle the Changeling (Demigod Shapeshifter)     Turns: 1028, Time: 00:03:25

Health: -1/28      AC:  2    Str: 19    XL:     3   Next: 61%
Magic:  5/5        EV: 12    Int: 12    God:
Gold:   20         SH:  0    Dex: 13    Spells: 2/2 levels left

rFire   . .          .
                       - Unarmed
rCold   . . .        (no shield)
rNeg    . . .        a - +0 animal skin
rPois   .            (helmet currently unavailable)
rElec   .            (cloak currently unavailable)
rCorr   .            (gloves currently unavailable)
SInv    .            (boots currently unavailable)
Will    .....        (no amulet)
Stlth   +            (no ring)
HPRegen 0.24/turn    (no ring)
MPRegen 0.09/turn

%: no passive effects
@: beast-form
A: beast (slay +1), high MP 1, forlorn, divine attributes
a: Begin Untransformation


You were on level 2 of the Dungeon.
You were a hulking beast.
You visited 1 branch of the dungeon, and saw 2 of its levels.

You collected 20 gold pieces.

Inventory:

Armour
 a - a +0 animal skin (worn)
 e - a +0 pair of gloves
 f - a +0 buckler
 h - a +0 cloak
Talismans
 c - a beast talisman (active)
 d - a flux talisman
Scrolls
 i - a scroll of identify
 j - a scroll of enchant armour {unknown}
Potions
 b - a potion of lignification
 g - a potion of curing
 k - a potion of might {unknown}


   Skills:
 * Level 1.5 Fighting
 * Level 0.5 Armour
 * Level 2.1 Dodging
 + Level 3.1 Unarmed Combat
 * Level 3.3 Shapeshifting


You had 2 spell levels left.
You didn't know any spells.
Your spell library was empty.

Dungeon Overview and Level Annotations

Branches:
Dungeon (2/15)

Shops:
D:1 *

Annotations:
D:2 Robin


Innate Abilities, Weirdness & Mutations

You are a hulking beast.
Your limbs bulge with bestial killing power. (Slay +1)
You have an increased reservoir of magic. (+10% MP)
You shall have no god before yourself.
Your divine heritage dramatically boosts your attributes as you level up.


Message History

The goblin barely misses you.
A goblin comes into view. It is wielding a +0 club.
You hit the goblin.
The goblin is severely wounded.
The hobgoblin barely misses you. The goblin hits you with a +0 dagger.
You hit the goblin.
You kill the goblin!
The hobgoblin hits you.
* * * LOW HITPOINT WARNING * * *
The goblin hits you with a +0 dagger.
* * * LOW HITPOINT WARNING * * *
Robin throws the goblin at you!
You see here a +0 dagger.
You hit the goblin.
The goblin is severely wounded.
The goblin hits you but does no damage. The hobgoblin closely misses you.
You hit the goblin.
You kill the goblin!
The hobgoblin no longer looks unusually strong.
Robin roars a battlecry!
The hobgoblin goes into a battle-frenzy!
The hobgoblin shouts!
You barely miss the hobgoblin. The hobgoblin hits you.
* * * LOW HITPOINT WARNING * * *
The hobgoblin closely misses you.
You feel better. The hobgoblin hits you.
* * * LOW HITPOINT WARNING * * *
The hobgoblin hits you.
* * * LOW HITPOINT WARNING * * *
You feel better. The hobgoblin closely misses you. The hobgoblin hits you.
* * * LOW HITPOINT WARNING * * *
You hit the hobgoblin.
You kill the hobgoblin!
The goblin no longer looks unusually strong.
You hit the hobgoblin.
You kill the hobgoblin!
Robin throws the goblin at you!
* * * LOW HITPOINT WARNING * * *
The goblin hits you with a +0 dagger.
You die...

..# .........# # ..#
.........### # #.## #..
...........# # #....##.#
##########.# #
#....###..........# #
#gg##.########## #
#gg.#.# # #######g#.#.#
# #.....gh#...# #
#.########..############
#.# #...##......... #.#
##..##......... #.#
######..##...>..... #.#
#.......##......... #†#
#.#####..#......... #.#
#.# ##.#.........
#.####.# #.##......##


You could see Robin, 2 hobgoblins and 3 goblins.

Vanquished Creatures
  2 adders (D:2)
  2 dart slugs (D:1)
  3 ball pythons
  5 endoplasms
  3 giant cockroaches (D:1)
  5 goblins
  5 hobgoblins
  2 quokkas (D:1)
  3 bats (D:2)
  6 frilled lizards
  A kobold (D:1)
  4 rats
41 creatures vanquished.

Notes
Turn   | Place    | Note
-------+----------+-------------------------------------------
     0 | D:1      | Kuronicle the Demigod Shapeshifter began the quest for the
                  | Orb.
     0 | D:1      | Reached XP level 1. HP: 15/15 MP: 3/3
   128 | D:1      | Reached skill level 1 in Fighting
   175 | D:1      | Reached XP level 2. HP: 15/23 MP: 4/4
   403 | D:1      | Found Paidagen's Assorted Antiques.
   787 | D:2      | Reached XP level 3. HP: 22/28 MP: 5/5
  1006 | D:2      | Noticed Robin
  1028 | D:2      | Slain by a goblin

Illustrated notes

Levels and vault maps discovered:
D:1:      lightli_arrival_windingriver, layout_rooms, serial_shops,
          nicolae_shop_tiny_glass
D:2:      layout_basic, basic_altar, uniq_robin

Skill      XL: |  1  2  3 |
---------------+----------+-----
Fighting       | 1 |  1.5
Shapeshifting  | 3 |  3.3
Dodging        | 2 |  2.1
Unarmed Combat | 3 |  3.1
Armour         | |  0.5

Action                     || total
---------------------------++-------
  Melee: Unarmed           ||   111
         Punch             ||     4
    Use: Scroll            ||     4
         Potion            ||     2
   Stab: Sleeping          ||     1
 Armour: Animal skin       ||    65
  Dodge: Dodged            ||    72

Table legend: (Time is in decaauts)
 A = Elapsed time spent in this place.
 B = Non-inter-level travel time spent in this place.
 C = Inter-level travel time spent in this place.
 D = Time resting spent in this place.
 E = Time spent auto-exploring this place.
 F = Levels seen in this place.
 G = Mean time per level.
                   A        B        C        D        E       F      G
               +--------+--------+--------+--------+--------+-----+--------+
         Total |   1022 |    991 |     31 |     50 |    670 |   2 |  511.0 |
       Dungeon |   1022 |    991 |     31 |     50 |    670 |   2 |  511.0 |
               +--------+--------+--------+--------+--------+-----+--------+

Top non-repeatable levels by time:
     D:1: 693 daAuts
     D:2: 329 daAuts
